 Dungeon Crawl Stone Soup version 0.31-a0-986-g5e6e4ef867 (webtiles) character file.

Game seed: 680079446393136822

0 Jedisixx the Slasher (level 1, -1/16 HPs)
             Began as a Demonspawn Gladiator on Nov 10, 2023.
             Slain by a jackal (2 damage)
             ... on level 1 of the Dungeon.
             The game lasted 00:02:37 (46 turns).

Jedisixx the Slasher (Demonspawn Gladiator)           Turns: 46, Time: 00:02:37

Health: -1/16      AC:  4    Str: 14    XL:     1   Next: 8%
Magic:  1/1        EV: 12    Int:  9    God:
Gold:   0          SH:  0    Dex: 14    Spells: 0/0 levels left

rFire   . . .        a - +0 long sword
rCold   . . .        (no shield)
rNeg    . . .        b - +0 leather armour
rPois   .            c - +0 helmet
rElec   .            (no cloak)
rCorr   .            (no gloves)
SInv    .            (no boots)
Will    .....        (no amulet)
Stlth   +            (no ring)
HPRegen 0.22/turn    (no ring)
MPRegen 0.07/turn

%: no passive effects
@: no status effects
A: no striking features
a: no special abilities


You were on level 1 of the Dungeon.
You visited 1 branch of the dungeon, and saw 1 of its levels.

Inventory:

Hand Weapons
 a - a +0 long sword (weapon)
Missiles
 d - 3 throwing nets (quivered)
 e - a javelin
Armour
 b - a +0 leather armour (worn)
 c - a +0 helmet (worn)


   Skills:
 + Level 2.0 Fighting
 + Level 2.7 Long Blades
 + Level 1.7 Throwing
 + Level 2.6 Dodging


You couldn't memorise any spells.
You didn't know any spells.
Your spell library was empty.

Dungeon Overview and Level Annotations

Branches:
Dungeon (1/15)

Altars:


Message History

The jackal barks!
A frilled lizard comes into view.
The frilled lizard hisses angrily.
The frilled lizard closely misses you.
You miss the frilled lizard.
The frilled lizard bites you but does no damage.
The jackal bites you.
You miss the frilled lizard. The jackal misses you.
The jackal completely misses you. The frilled lizard bites you.
A bat comes into view.
The jackal bites you.
The jackal bites you but does no damage.
You barely miss the frilled lizard. The frilled lizard bites you.
The jackal closely misses you. The jackal barely misses you.
The frilled lizard closely misses you.
You hit the frilled lizard.
You kill the frilled lizard!
The jackal misses you. The jackal closely misses you.
The bat hits you but does no damage. The jackal bites you.
The jackal closely misses you. The jackal misses you.
The bat closely misses you.
You barely miss the jackal. The bat misses you. The jackal bites you. x2
The jackal barely misses you. x2
The jackal bites you but does no damage. x2
The bat hits you but does no damage. The jackal bites you.
The jackal barely misses you. The jackal closely misses you.
The jackal barely misses you. The jackal misses you.
The jackal attacks as it pursues you! The jackal barely misses you.
The jackal attacks as it pursues you! The jackal bites you.
* * * LOW HITPOINT WARNING * * *
The jackal barely misses you.
There is a staircase leading out of the dungeon here.
There are no items here.
You can't go down here!
There are no items here.
The bat closely misses you. The bat misses you. The jackal bites you.
* * * LOW HITPOINT WARNING * * *
The jackal bites you.
You die...

... .# ### ...##
.##... #... ....#
#####... ....###
.......#####......
#....#.....#...#
#...#....h..#..#
#....@h...#
#...#...hb..#..#
#.#..#.....#..##
#.....#####..##
#.###. ..# ... ##
..# .. .## #.. ..
.#


You could see 3 jackals and a bat.

Vanquished Creatures
  A frilled lizard (D:1)
1 creature vanquished.

Notes
Turn   | Place    | Note
-------+----------+-------------------------------------------
     0 | D:1      | Jedisixx the Demonspawn Gladiator began the quest for the
                  | Orb.
     0 | D:1      | Reached XP level 1. HP: 16/16 MP: 1/1
    46 | D:1      | Slain by a jackal

Illustrated notes

Levels and vault maps discovered:
D:1:      scummos_arrival_hexagon, layout_loops_cross

Action                     || total
---------------------------++-------
  Melee: Long sword        ||     5
 Armour: Leather armour    ||    17
  Dodge: Dodged            ||    22

Table legend: (Time is in decaauts)
 A = Elapsed time spent in this place.
 B = Non-inter-level travel time spent in this place.
 C = Inter-level travel time spent in this place.
 D = Time resting spent in this place.
 E = Time spent auto-exploring this place.
 F = Levels seen in this place.
 G = Mean time per level.
                   A        B        C        D        E       F      G
               +--------+--------+--------+--------+--------+-----+--------+
         Total |     47 |     24 |     23 |      0 |      0 |   1 |   47.0 |
       Dungeon |     47 |     24 |     23 |      0 |      0 |   1 |   47.0 |
               +--------+--------+--------+--------+--------+-----+--------+

Top non-repeatable levels by time:
     D:1: 47 daAuts
